Description

This Terran build order is a very well rounded build with high-level capacities. Along with the build, this video will teach Terrans basic timings and intuition.

VOD

https://www.youtube.com/watch?v=-wI4a9PvDIA&t=18s

Replay - 4 Hellion into 3 Barracks Build

Build Order

Get SALT Encoding   

  12  0:01  SCV  
  13  0:13  SCV  
  14  0:18  Supply Depot  
  14  0:26  SCV  
  15  0:29  Refinery  
  15  0:39  SCV  
  16  0:45  Barracks  
  16  0:51  SCV  
  17  1:03  SCV  
  18  1:15  SCV  
  19  1:32  Reaper  
  21  1:33  Orbital Command  
  20  1:44  Command Center  
  20  1:54  Factory  
  20  1:58  SCV  
  21  2:06  Barracks Reactor  
  21  2:11  SCV  
  21  2:15  Supply Depot  
  22  2:23  SCV  
  24  2:39  Barracks  
  24  2:46  Hellion x2  
  24  2:47  Barracks Tech Lab  
  29  2:57  Orbital Command  
  30  3:08  Hellion x2  
  30  3:10  Stimpack  
  34  3:13  Marine  
  36  3:21  Supply Depot  
  38  3:29  Barracks  
  38  3:36  Refinery  
  40  3:41  Marine x3  
  40  3:45  Factory Reactor  
  43  3:50  Engineering Bay  
  45  3:59  Marine x3  
  50  4:18  Starport, Marine x2  
  54  4:27  Factory Reactor, Supply Depot x2  
  54  4:32  Marine  
  64  4:53  Refinery  
Spawning Tool Build Advisor. Get it on Overwolf

Analysis

Some basic notes to keep in mind are:

  • Delayed second Gas
  • First Protoss Adept will be in the middle of the map by 3:00
  • @ 5-6 workers at Natural, get second gas
  • Build Engineering Bay before you hit with Hellions
  • Don't go over 4 Medivacs without a mining third base
  • Unit compositions covered in the VOD

Go to:

Details

  • Created by: Sc2AnalysT   
  • Published on: Apr 17, 2018
  • Modified on: Apr 19, 2018
  • Patch: 4.0.0
Show
View Real Time Build Order
Export as new Build Order

Comments (2)

On April 19, 2018, 12:58 a.m., Sc2AnalysT  said:

My Twitter is @CHSc2AnalysT! I do not yet stream on twitch. Please feel free for any more inquires --> sc2analyst@gmail.com

On April 19, 2018, 12:40 a.m., StoicLoofah  said:

Thanks for sharing the build and video! We would like to feature this build on our front page if possible. Do you have twitch/twitter accounts you would also like to attach to your profile (presumably in addition to your youtube account that we can already see) so those links appear in the sidebar?

Create an account to comment!